 Dungeon Crawl Stone Soup version 0.25-a0-1073-gf4359a17dd (webtiles) character file.

Game seed: 17629789821048393897, levelgen mode: deterministic

23 Esekla the Magician (level 2, -1/17 HPs)
             Began as an Octopode Wizard on May 14, 2020.
             Killed by nerve-wracking pain
             ... invoked by an orc priest
              (11 damage)
             ... on level 4 of the Dungeon.
             The game lasted 00:07:58 (766 turns).

Esekla the Magician (Octopode Wizard)                Turns: 766, Time: 00:07:58

Health: -1/17      AC:  1    Str:  6    XL:     2   Next: 95%
Magic:  4/6        EV: 13    Int: 20    God:
Gold:   20         SH:  0    Dex: 10    Spells: 5/8 levels left

rFire    . . .     SeeInvis .   d - +2 dagger (drain)
rCold    . . .     Gourm    .   (no shield)
rNeg     . . .     Faith    .   a - +0 hat
rPois    .         Spirit   .   (no amulet)
rElec    .         Reflect  .   (no ring)
rCorr    .         Harm     .   (no ring)
MR       .....                  (no ring)
Stlth    +++.......             (no ring)
HPRegen  0.05/turn              (no ring)
MPRegen  0.10/turn              (no ring)
                                (no ring)
                                (no ring)

@: no status effects
A: almost no armour, stealthy swim, amphibious, 8 rings, constrict 8, camouflage
1, gelatinous body 1
a: no special abilities


You were on level 4 of the Dungeon.
You were not hungry.

You visited 1 branch of the dungeon, and saw 4 of its levels.

You collected 20 gold pieces.

Inventory:

Hand Weapons
 d - a +2 dagger of draining (weapon)
 h - a cursed +0 hand axe
Armour
 a - a +0 hat (worn)
Scrolls
 b - a scroll of noise {unknown}
 e - a scroll of identify {unknown}
Potions
 f - a potion of might {unknown}
 g - 4 potions of mutation {unknown}
Comestibles
 c - 2 rations


   Skills:
 * Level 0.1 Fighting
 + Level 0.3 Short Blades
 * Level 2.1 Dodging
 - Level 2.6 Stealth
 * Level 3.7 Spellcasting
 + Level 1.0 Conjurations
   Level 1.0 Summonings
 * Level 1.0 Translocations


You had 5 spell levels left.
You knew the following spells:

 Your Spells              Type           Power        Failure   Level  Hunger
a - Magic Dart            Conj           #...         9%          1    None
b - Blink                 Tloc           N/A          13%         2    ##.....

Your spell library contained the following spells:

 Spells                   Type           Power        Failure   Level  Hunger
 Call Imp                 Summ           #.......     13%         2    ##.....
 Slow                     Hex            #.......     21%         2    ##.....
 Conjure Flame            Conj/Fire      #.......     32%         3    ###....
 Mephitic Cloud           Conj/Pois/Air  #.......     34%         3    ###....


Dungeon Overview and Level Annotations

Branches:
Dungeon (4/15)
 Temple: D:4-7

Altars:

Shops:
D:4 :


Innate Abilities, Weirdness & Mutations

You cannot wear most types of armour.
You are very stealthy in the water. (Stealth+)
You are amphibious.
You can wear up to eight rings at the same time.
You can use your tentacles to constrict eight enemies at once.
Your skin changes colour to match your surroundings (Stealth+).
Your rubbery body absorbs attacks. (AC +1, EV +1)


Message History

Casting: Magic Dart (safe; 9% risk of failure)
Confirm with . or Enter, or press ? or * to list all spells.
You don't have enough magic to cast that spell.
Unknown command.
You hit the orc.
You kill the orc!
You see here a +0 leather armour.
Your magical contamination has completely faded away.
You now have 20 gold pieces (gained 9).
You hear the slow rusting of a distant drain.
Found a scroll labeled XAMAURPH JOOG.
A ball python, 2 orcs, an orc priest and an orc wizard come into view.
An orc comes into view. It is wielding a +0 hand axe.
Okay, then.
Okay, then.
An orc comes into view. It is wielding a +0 mace.
The orc priest invokes the aid of Beogh against you.
Pain shoots through your body!
Ouch! That really hurt!
You die...

#.# #..........#
##.###..........# #
#....[..........#.#
#........#........
#........###....#
#........# ....#
#........###....# #
######..........##.#
#.@####....... #.o#
...?##.
#..#####..###.#
#######......o.......
........######.......
.....................
.........#####...o...
#######.... ...####
#. #........## o..#


You could see an orc priest.

Vanquished Creatures
  An adder (D:3)
  A worm (D:2)
  2 leopard geckos
  An orc (D:4)
  A giant cockroach (D:3)
  2 kobolds (D:2)
8 creatures vanquished.

Notes
Turn   | Place    | Note
-------+----------+-------------------------------------------
     0 | D:1      | Esekla the Octopode Wizard began the quest for the Orb.
     0 | D:1      | Reached XP level 1. HP: 11/11 MP: 4/4
   428 | D:3      | Reached XP level 2. HP: 8/17 MP: 1/6
   630 | D:3      | Learned a level 2 spell: Blink
   642 | D:4      | Found Gabajeid's Book Shoppe.
   651 | D:4      | Noticed an ogre
   766 | D:4      | Killed from afar by an orc priest

Illustrated notes

Levels and vault maps discovered:
D:1:      dpeg_arrival_round_a, layout_basic
D:2:      layout_basic
D:3:      layout_basic, kennysheep_generic_room_7
D:4:      layout_basic, serial_shops, shop, first_ration, portal_sewer_entry_b,
          uniq_robin

Action                   || total
-------------------------++-------
Melee: Dagger            ||    15
       Constrict         ||     4
 Cast: Magic Dart        ||    23
Armor: Skin              ||     1
Dodge: Dodged            ||    11

Table legend:
 A = Non-vault XP
 B = Vault XP
 C = Vault XP percentage of total XP
 D = Non-vault monster count
 E = Vault monster count
 F = Vault count percentage of total count
                 A         B        C        D         E       F
            +---------+---------+-------+---------+---------+-------
      Total |      33 |       0 |   0.0 |       8 |       0 |   0.0
            +---------+---------+-------+---------+---------+-------
        D:2 |       8 |       0 |   0.0 |       3 |       0 |   0.0
        D:3 |      19 |       0 |   0.0 |       3 |       0 |   0.0
        D:4 |       6 |       0 |   0.0 |       2 |       0 |   0.0
            +---------+---------+-------+---------+---------+-------
